MLB
PHILADELPHIA PHILLIES @ PITTSBURGH PIRATES
08/12/2098
 
TOP OF THE 1ST
Philadelphia Phillies batting - Pitching for Pittsburgh Pirates : LHP Mike Rutherford
Pitching: LHP Mike Rutherford
Batting: SHB Tim Spotton 0-0: Called Strike
0-1: Swinging Strike
0-2: Foul Ball, location: 9LSF
0-2: Ball
1-2: Ball
2-2: Foul Ball, location: 2F
2-2: Ball
3-2: Base on Balls
Batting: RHB Jason Waid 0-0: Ball
1-0: Called Strike
1-1: Grounds into double play, 1-4-3 (Groundball, P, EV 64.4 MPH)
Batting: RHB Luis Esquivel 0-0: Swinging Strike
0-1: Foul Ball, location: 25FF
0-2: Strikes out swinging
Top of the 1st over - 0 runs, 0 hits, 0 errors, 0 left on base; Philadelphia 0 - Pittsburgh 0
BOTTOM OF THE 1ST
Pittsburgh Pirates batting - Pitching for Philadelphia Phillies : LHP Jason Boles
Pitching: LHP Jason Boles
Batting: SHB Nick Stiles 0-0: Ball
1-0: Foul Ball, location: 7LMF
1-1: Foul Ball, location: 2F
1-2: Ball
2-2: Foul Ball, location: 2F
2-2: Strikes out swinging
Batting: RHB Joey Noles 0-0: SINGLE (Line Drive, 8LM, EV 103.1 MPH)
Batting: RHB Randy Wilson 0-0: Called Strike
0-1: Ball
1-1: Ball
2-1: Foul Ball, location: 23FF
2-2: Reached on error, E5 (Groundball, 56S, EV 92.5 MPH)
Joey Noles to second
Batting: RHB Zachary Gugliotta 0-0: Ball
1-0: Foul Ball, location: 2F
1-1: Swinging Strike
1-2: Fly out, F9 (Flyball, 9S, EV 85.6 MPH)
Batting: RHB Nate D'Acquisto 0-0: Swinging Strike
0-1: Ball
1-1: Ball
2-1: Ball
3-1: Foul Ball, location: 7LSF
3-2: Strikes out looking
Bottom of the 1st over - 0 runs, 1 hit, 1 error, 2 left on base; Philadelphia 0 - Pittsburgh 0
TOP OF THE 2ND
Philadelphia Phillies batting - Pitching for Pittsburgh Pirates : LHP Mike Rutherford
Batting: RHB David Schafer 0-0: Called Strike
0-1: Ball
1-1: Foul Ball, location: 2F
1-2: Ball
2-2: Ball
3-2: DOUBLE (Line Drive, 89M, EV 99.4 MPH)
Batting: SHB Pete Ray 0-0: Ball
1-0: Swinging Strike
1-1: Foul Ball, location: 2F
1-2: Strikes out swinging
Batting: RHB Vicente Vargas 0-0: Ball
1-0: Ball
2-0: DOUBLE (Line Drive, 7LD, EV 100.6 MPH)
David Schafer scores
Batting: RHB Ryan Klepper 0-0: Ball
1-0: Fly out, F5 (Line Drive, 5, EV 69.4 MPH)
Batting: RHB Chad Larson 0-0: Ball
1-0: Foul Ball, location: 2F
1-1: Foul Ball, location: 9LMF
1-2: Ground out 5-3 (Groundball, 5, EV 96.9 MPH)
Top of the 2nd over - 1 run, 2 hits, 0 errors, 1 left on base; Philadelphia 1 - Pittsburgh 0
BOTTOM OF THE 2ND
Pittsburgh Pirates batting - Pitching for Philadelphia Phillies : LHP Jason Boles
Pitching: RHP Eric Allard
Batting: RHB Bryan Dannemiller 0-0: DOUBLE (Line Drive, 5D, EV 96.3 MPH)
Batting: RHB Carlos Flores 0-0: Ball
Wild Pitch!
Bryan Dannemiller to third
1-0: Ball
2-0: Called Strike
2-1: Fly out, F7 (Flyball, 78M, EV 74.4 MPH)
Runner from 3rd tags up, SCORES, throw by LF
Batting: RHB Alex Velazquez 0-0: Swinging Strike
0-1: Called Strike
0-2: Ball
1-2: Ground out 6-3 (Groundball, 6, EV 86.3 MPH)
Batting: RHB Verner Johannsen 0-0: Called Strike
0-1: Foul Ball, location: 2F
0-2: Fly out, F2 (Popup, 13S, EV 86.9 MPH)
Bottom of the 2nd over - 1 run, 1 hit, 0 errors, 0 left on base; Philadelphia 1 - Pittsburgh 1
TOP OF THE 3RD
Philadelphia Phillies batting - Pitching for Pittsburgh Pirates : LHP Mike Rutherford
Batting: RHB Josh Hester 0-0: Ball
1-0: Foul Ball, location: 2F
1-1: Ball
2-1: DOUBLE (Flyball, 89XD, EV 96.9 MPH)
Batting: SHB Tim Spotton 0-0: Ground out 6-3 (Groundball, 6M, EV 103.8 MPH)
Josh Hester to third
Batting: RHB Jason Waid 0-0: SINGLE (Groundball, 6D, EV 96.9 MPH)
Josh Hester scores
Batting: RHB Luis Esquivel 0-0: Ball
1-0: Swinging Strike
1-1: Swinging Strike
1-2: Strikes out swinging
Batting: RHB David Schafer 0-0: Ball
1-0: Ball
2-0: Ball
3-0: Called Strike
3-1: Base on Balls
Jason Waid to second
Batting: SHB Pete Ray 0-0: Foul Ball, location: 9LSF
0-1: Foul Ball, location: 3F
0-2: Foul Ball, location: 2F
0-2: Foul Ball, location: 5F
0-2: Ball
1-2: Foul Ball, location: 2F
1-2: Fly out, F7 (Flyball, 7S, EV 78.1 MPH)
Top of the 3rd over - 1 run, 2 hits, 0 errors, 2 left on base; Philadelphia 2 - Pittsburgh 1
BOTTOM OF THE 3RD
Pittsburgh Pirates batting - Pitching for Philadelphia Phillies : RHP Eric Allard
Batting: SHB Nick Stiles 0-0: Foul Ball, location: 2F
0-1: Foul Ball, location: 2F
0-2: Ball
1-2: SINGLE (Line Drive, 89S, EV 105.0 MPH)
Batting: RHB Joey Noles 0-0: Called Strike
0-1: Ball
1-1: Called Strike
1-2: Strikes out swinging
Batting: RHB Randy Wilson 0-0: Called Strike
0-1: SINGLE (Line Drive, 34D, EV 100.0 MPH)
Nick Stiles to second
Batting: RHB Zachary Gugliotta 0-0: Ball
1-0: Fielders Choice at 2nd, 5-4 (Groundball, 5, EV 97.5 MPH)
Nick Stiles to third
Batting: RHB Nate D'Acquisto 0-0: Ball
1-0: Ball
2-0: Swinging Strike
2-1: Ball
3-1: SINGLE (Line Drive, 78M, EV 101.3 MPH)
Nick Stiles scores
Zachary Gugliotta to second
Runner from 2nd tries for 3rd, SAFE, throw by CF made to third
Batting: RHB Bryan Dannemiller 0-0: Ball
1-0: Foul Ball, location: 25F
1-1: Foul Ball, location: 2F
1-2: Strikes out looking
Bottom of the 3rd over - 1 run, 3 hits, 0 errors, 2 left on base; Philadelphia 2 - Pittsburgh 2
TOP OF THE 4TH
Philadelphia Phillies batting - Pitching for Pittsburgh Pirates : LHP Mike Rutherford
Batting: RHB Vicente Vargas 0-0: Foul Ball, location: 2F
0-1: SINGLE (Line Drive, 56D, EV 99.4 MPH)
Batting: RHB Ryan Klepper 0-0: Foul Ball, location: 7LSF
0-1: Grounds into double play, 6-4-3 (Groundball, 6, EV 104.4 MPH)
Batting: RHB Chad Larson 0-0: Foul Ball, location: 9LDF
0-1: Ball
1-1: Foul Ball, location: 23F
1-2: SOLO HOME RUN (Flyball, 89XD, EV 108.8 MPH), Distance : 418 ft
Batting: RHB Josh Hester 0-0: Foul Ball, location: 2F
0-1: DOUBLE (Line Drive, 7LM, EV 100.6 MPH)
Batting: SHB Tim Spotton 0-0: Called Strike
0-1: Swinging Strike
0-2: Ball
1-2: Ball
2-2: Fly out, F7 (Flyball, 78S, EV 83.8 MPH)
Top of the 4th over - 1 run, 3 hits, 0 errors, 1 left on base; Philadelphia 3 - Pittsburgh 2
BOTTOM OF THE 4TH
Pittsburgh Pirates batting - Pitching for Philadelphia Phillies : RHP Eric Allard
Batting: RHB Carlos Flores 0-0: Ball
1-0: Swinging Strike
1-1: Ball
2-1: Swinging Strike
2-2: Ball
3-2: Base on Balls
Batting: RHB Alex Velazquez 0-0: Foul Ball, location: 2F
0-1: Foul Ball, location: 25F
0-2: Foul Ball, location: 2F
0-2: Fly out, F7 (Flyball, 78M, EV 88.1 MPH)
Batting: RHB Verner Johannsen 0-0: Foul Ball, location: 5FF
0-1: Ball
1-1: Swinging Strike
1-2: Ball
2-2: Fly out, F4 (Popup, 4MD, EV 69.4 MPH)
Batting: SHB Nick Stiles 0-0: Called Strike
0-1: Ball
Wild Pitch!
Carlos Flores to second
1-1: Ball
2-1: Ball
3-1: Base on Balls
Batting: RHB Joey Noles 0-0: Ball
1-0: Called Strike
1-1: Called Strike
1-2: Ball
2-2: Ball
3-2: Base on Balls
Carlos Flores to third
Nick Stiles to second
Batting: RHB Randy Wilson 0-0: Ball
1-0: Foul Ball, location: 5SF
1-1: Ball
2-1: Ball
3-1: Called Strike
3-2: Ground out U3 (Groundball, 34, EV 96.9 MPH)
Bottom of the 4th over - 0 runs, 0 hits, 0 errors, 3 left on base; Philadelphia 3 - Pittsburgh 2
TOP OF THE 5TH
Philadelphia Phillies batting - Pitching for Pittsburgh Pirates : LHP Mike Rutherford
Batting: RHB Jason Waid 0-0: Called Strike
0-1: Swinging Strike
0-2: Ball
1-2: Ball
2-2: Ball
3-2: Ground out 5-3 (Groundball, 56S, EV 91.9 MPH)
Batting: RHB Luis Esquivel 0-0: Swinging Strike
0-1: Foul Ball, location: 9LSF
0-2: Ball
1-2: Fly out, F9 (Flyball, 89D, EV 91.3 MPH)
Batting: RHB David Schafer 0-0: SINGLE (Line Drive, 78S, EV 100.6 MPH)
Batting: SHB Pete Ray 0-0: Foul Ball, location: 2F
0-1: Ball
1-1: Foul Ball, location: 9LMF
1-2: Ball
2-2: Foul Ball, location: 3FF
2-2: Foul Ball, location: 2F
2-2: Ball
3-2: Fly out, F5 (Popup, 25, EV 78.1 MPH)
Top of the 5th over - 0 runs, 1 hit, 0 errors, 1 left on base; Philadelphia 3 - Pittsburgh 2
BOTTOM OF THE 5TH
Pittsburgh Pirates batting - Pitching for Philadelphia Phillies : RHP Eric Allard
Batting: RHB Zachary Gugliotta 0-0: Foul Ball, location: 25F
0-1: Ball
1-1: SOLO HOME RUN (Flyball, 7LD, EV 95.6 MPH), Distance : 379 ft
Batting: RHB Nate D'Acquisto 0-0: Foul Ball, location: 5FF
0-1: Called Strike
0-2: Ball
1-2: Foul Ball, location: 9LSF
1-2: DOUBLE (Line Drive, 78M, EV 96.9 MPH)
Batting: RHB Bryan Dannemiller 0-0: Foul Ball, location: 3F
0-1: SINGLE (Line Drive, 6MD, EV 75.0 MPH)
Nate D'Acquisto to third
Batting: RHB Carlos Flores 0-0: Ball
1-0: Called Strike
1-1: SINGLE (Line Drive, 8RS, EV 93.1 MPH)
Nate D'Acquisto scores
Bryan Dannemiller to second
Batting: RHB Alex Velazquez 0-0: Ball
1-0: Called Strike
1-1: DOUBLE (Flyball, 8RXD, EV 105.0 MPH)
Bryan Dannemiller scores
Carlos Flores to third
Pitching: RHP DeAndre Hart
Batting: RHB Verner Johannsen 0-0: Foul Ball, location: 9LDF
0-1: Foul Ball, location: 2F
0-2: Ball
1-2: Ground out 6-3 (Groundball, 6, EV 85.0 MPH)
Batting: SHB Nick Stiles 0-0: Called Strike
0-1: Ball
1-1: Ball
2-1: Ball
3-1: Called Strike
3-2: DOUBLE (Line Drive, 5D, EV 98.8 MPH)
Carlos Flores scores
Alex Velazquez scores
Batting: RHB Joey Noles 0-0: Ball
1-0: Ball
2-0: Foul Ball, location: 5FF
2-1: Called Strike
2-2: Ball
3-2: Strikes out swinging
Batting: RHB Randy Wilson 0-0: Ball
1-0: Ball
2-0: Foul Ball, location: 3SF
2-1: Swinging Strike
2-2: Ball
3-2: Strikes out swinging
Bottom of the 5th over - 5 runs, 6 hits, 0 errors, 1 left on base; Philadelphia 3 - Pittsburgh 7
TOP OF THE 6TH
Philadelphia Phillies batting - Pitching for Pittsburgh Pirates : LHP Mike Rutherford
Pitching: RHP Steve Obuch
Batting: RHB Vicente Vargas 0-0: Called Strike
0-1: Ball
1-1: Foul Ball, location: 5DF
1-2: Ball
2-2: Strikes out swinging
Batting: RHB Ryan Klepper 0-0: SOLO HOME RUN (Line Drive, 7LD, EV 94.4 MPH), Distance : 336 ft
Batting: RHB Chad Larson 0-0: Fly out, F9 (Flyball, 9S, EV 93.8 MPH)
Batting: RHB Josh Hester 0-0: Fly out, F8 (Flyball, 89S, EV 85.6 MPH)
Top of the 6th over - 1 run, 1 hit, 0 errors, 0 left on base; Philadelphia 4 - Pittsburgh 7
BOTTOM OF THE 6TH
Pittsburgh Pirates batting - Pitching for Philadelphia Phillies : RHP DeAndre Hart
Batting: RHB Zachary Gugliotta 0-0: Ball
1-0: SINGLE (Groundball, 4MD, EV 105.0 MPH)
Batting: RHB Nate D'Acquisto 0-0: Ball
1-0: Called Strike
1-1: Ball
2-1: Swinging Strike
2-2: Strikes out swinging
Batting: RHB Bryan Dannemiller 0-0: SINGLE (Line Drive, 5D, EV 105.6 MPH)
Zachary Gugliotta to second
Runner from 2nd tries for 3rd, SAFE, throw by LF made to third
Pitching: RHP Chris Windows
Batting: RHB Carlos Flores 0-0: Swinging Strike
0-1: Ball
1-1: Swinging Strike
1-2: Ball
2-2: Grounds into double play, 6-4-3 (Groundball, 56, EV 97.5 MPH)
Bottom of the 6th over - 0 runs, 2 hits, 0 errors, 1 left on base; Philadelphia 4 - Pittsburgh 7
TOP OF THE 7TH
Philadelphia Phillies batting - Pitching for Pittsburgh Pirates : RHP Steve Obuch
Batting: SHB Tim Spotton 0-0: Swinging Strike
0-1: Called Strike
0-2: Strikes out looking
Batting: RHB Jason Waid 0-0: Foul Ball, location: 2LF
0-1: Ball
1-1: Ball
2-1: Called Strike
2-2: Foul Ball, location: 2RF
2-2: Strikes out swinging
Batting: RHB Luis Esquivel 0-0: Called Strike
0-1: Fly out, F2 (Popup, 23F, EV 89.4 MPH)
Top of the 7th over - 0 runs, 0 hits, 0 errors, 0 left on base; Philadelphia 4 - Pittsburgh 7
BOTTOM OF THE 7TH
Pittsburgh Pirates batting - Pitching for Philadelphia Phillies : RHP Chris Windows
Batting: RHB Alex Velazquez 0-0: Ball
1-0: Ground out 6-3 (Groundball, 6MS, EV 93.8 MPH)
Batting: RHB Verner Johannsen 0-0: Ball
1-0: Called Strike
1-1: Called Strike
1-2: Foul Ball, location: 5F
1-2: Ball
2-2: Ball
3-2: Foul Ball, location: 7LMF
3-2: Hit by Pitch
Batting: SHB Nick Stiles 0-0: Swinging Strike
0-1: Foul Ball, location: 7LSF
0-2: SINGLE (Groundball, 34S, EV 72.5 MPH) (infield hit)
Verner Johannsen to second
Batting: RHB Joey Noles 0-0: Ball
1-0: Called Strike
1-1: Swinging Strike
1-2: Strikes out swinging
Batting: RHB Randy Wilson 0-0: Called Strike
0-1: Swinging Strike
0-2: Strikes out swinging
Bottom of the 7th over - 0 runs, 1 hit, 0 errors, 2 left on base; Philadelphia 4 - Pittsburgh 7
TOP OF THE 8TH
Philadelphia Phillies batting - Pitching for Pittsburgh Pirates : RHP Steve Obuch
Pitching: RHP Dana House
Batting: RHB David Schafer 0-0: Foul Ball, location: 9LSF
0-1: Foul Ball, location: 7LDF
0-2: Ball
1-2: Ball
2-2: Strikes out looking
Batting: SHB Pete Ray 0-0: SINGLE (Groundball, 15S, EV 71.9 MPH) (infield hit)
Batting: RHB Vicente Vargas 0-0: Called Strike
0-1: Ball
1-1: Ball
2-1: Ball
3-1: Foul Ball, location: 2F
3-2: SINGLE (Flyball, 6D, EV 91.9 MPH)
Pete Ray to second
Batting: RHB Ryan Klepper 0-0: Ball
1-0: Foul Ball, location: 9LSF
1-1: Ball
2-1: Foul Ball, location: 2F
2-2: Foul Ball, location: 3FF
2-2: Foul Ball, location: 7LSF
2-2: Strikes out looking
Batting: RHB Chad Larson 0-0: Called Strike
0-1: Ball
1-1: Foul Ball, location: 3SF
1-2: Foul Ball, location: 25F
1-2: Foul Ball, location: 23F
1-2: SINGLE (Groundball, 4MD, EV 94.4 MPH)
Pete Ray to third
Vicente Vargas to second
Runner from 3rd tries for Home, SAFE, throw by CF to home
Pitching: LHP Jo Sealy
Batting: RHB Josh Hester 0-0: Swinging Strike
0-1: Foul Ball, location: 2F
0-2: Foul Ball, location: 3F
0-2: Foul Ball, location: 2F
0-2: Ball
1-2: Fly out, F9 (Flyball, 9S, EV 78.8 MPH)
Top of the 8th over - 1 run, 3 hits, 0 errors, 2 left on base; Philadelphia 5 - Pittsburgh 7
BOTTOM OF THE 8TH
Pittsburgh Pirates batting - Pitching for Philadelphia Phillies : RHP Chris Windows
Pitching: LHP Vince Booker
Batting: RHB Zachary Gugliotta 0-0: Ball
1-0: Swinging Strike
1-1: Swinging Strike
1-2: Strikes out swinging
Batting: RHB Nate D'Acquisto 0-0: Ball
1-0: Swinging Strike
1-1: Foul Ball, location: 2F
1-2: SINGLE (Line Drive, 78S, EV 87.5 MPH)
Batting: RHB Bryan Dannemiller 0-0: Ball
1-0: Fly out, F9 (Flyball, 9, EV 82.5 MPH)
Batting: RHB Carlos Flores 0-0: Called Strike
0-1: SINGLE (Groundball, 5D, EV 100.6 MPH) (infield hit)
Nate D'Acquisto to second
Batting: RHB Alex Velazquez 0-0: Ball
1-0: DOUBLE (Flyball, 78D, EV 107.5 MPH)
Nate D'Acquisto scores
Carlos Flores to third
Runner from 3rd tries for Home, throw by CF and OUT! 8-6-2
Bottom of the 8th over - 1 run, 3 hits, 0 errors, 1 left on base; Philadelphia 5 - Pittsburgh 8
TOP OF THE 9TH
Philadelphia Phillies batting - Pitching for Pittsburgh Pirates : LHP Jo Sealy
Batting: SHB Tim Spotton 0-0: Fly out, F6 (Flyball, 56D, EV 94.4 MPH)
Batting: RHB Jason Waid 0-0: Called Strike
0-1: Ball
1-1: Swinging Strike
1-2: Hit by Pitch
Batting: RHB Luis Esquivel 0-0: Ball
1-0: Ball
2-0: Foul Ball, location: 9LMF
2-1: Foul Ball, location: 2F
2-2: Strikes out swinging
Batting: RHB David Schafer 0-0: Swinging Strike
0-1: Called Strike
0-2: Strikes out swinging
Top of the 9th over - 0 runs, 0 hits, 0 errors, 1 left on base; Philadelphia 5 - Pittsburgh 8
Friday, April 12th , 2024 - OOTP Baseball 24.11 Build 85